 Dungeon Crawl Stone Soup version 0.25-a0-578-gc91f01c39c (webtiles) character file.

Game seed: 1779064335854143252, levelgen mode: deterministic

58994 Gorglomux the Cleaver (level 14, -12/139 HPs)
             Began as a Deep Dwarf Monk on Mar 4, 2020.
             Was the Champion of Makhleb.
             Killed from afar by Frances (38 damage)
             ... with a shard of ice
             ... on level 13 of the Dungeon.
             The game lasted 00:27:38 (16532 turns).

Gorglomux the Cleaver (Deep Dwarf Monk)            Turns: 16532, Time: 00:27:41

Health: -12/139    AC: 25    Str: 20    XL:     14   Next: 51%
Magic:  12/12      EV:  8    Int: 11    God:    Makhleb [******]
Gold:   1216       SH:  4    Dex: 15    Spells: 13/13 levels left

rFire    . . .     SeeInvis .   C - +0 war axe (vamp)
rCold    . . .     Gourm    .   l - +0 buckler
rNeg     + + .     Faith    .   z - +0 plate armour
rPois    .         Spirit   .   r - +2 helmet
rElec    .         Reflect  .   (no cloak)
rCorr    .         Harm     .   (no gloves)
MR       ++...                  (no boots)
Stlth    ..........             W - amulet of the acrobat
HPRegen  0.00/turn              s - ring of positive energy
MPRegen  0.13/turn              E - +5 ring of protection

@: non-regenerating
A: damage resistance, heal wounds, negative energy resistance 1, sense
surroundings 2, no regeneration
a: Heal Wounds, Minor Destruction, Lesser Servant of Makhleb, Major Destruction,
Greater Servant of Makhleb, Renounce Religion


You were on level 13 of the Dungeon.
You worshipped Makhleb.
Makhleb was exalted by your worship.
You were not hungry.

You visited 3 branches of the dungeon, and saw 21 of its levels.

You collected 1216 gold pieces.

Inventory:

Hand Weapons
 y - a +0 war axe
 C - a +0 vampiric war axe (weapon)
 K - the +10 mace of Valiance {protect, rElec}
   (You found it on level 9 of the Dungeon)

   It grants its wielder temporary protection when it strikes (+7 to AC).
   It insulates you from electricity.
 Y - a +1 broad axe
Armour
 l - a +0 buckler (worn)
 r - a +2 helmet (worn)
 z - a +0 plate armour (worn)
 V - a +2 ring mail of magic resistance
Jewellery
 s - a ring of positive energy (left hand)
 w - a +2 ring of dexterity
 E - a +5 ring of protection (right hand)
 W - an amulet of the acrobat (around neck)
 Z - an uncursed amulet of harm
Wands
 A - a wand of acid (7)
 D - a wand of digging (6)
 I - a wand of iceblast (7)
 P - a wand of paralysis (3)
 S - a wand of scattershot (3)
Scrolls
 d - 4 scrolls of fog
 q - 8 scrolls of remove curse
 B - 3 scrolls of blinking
 F - 2 scrolls of enchant weapon
 M - 3 scrolls of magic mapping
 N - 4 scrolls of fear
 O - 3 scrolls of enchant armour
 R - 3 scrolls of identify
 T - 7 scrolls of teleportation
Potions
 g - 2 potions of resistance
 i - 3 potions of flight
 n - 3 potions of brilliance
 o - 2 potions of berserk rage
 p - 2 potions of ambrosia
 t - 3 potions of lignification
 u - 12 potions of degeneration
 v - 2 potions of mutation
 x - 2 potions of magic
 G - 4 potions of might
 H - 2 potions of cancellation
 J - a potion of invisibility
 Q - 12 potions of curing
 U - 2 potions of stabbing
 X - 5 potions of haste
Miscellaneous
 L - a fan of gales
Comestibles
 c - 42 rations
 m - 6 chunks of flesh


   Skills:
 + Level 12.7 Fighting
 + Level 14.8 Axes
 + Level 14.0 Armour
 - Level 3.2 Dodging
 - Level 2.4 Stealth
 + Level 1.7 Shields
 + Level 11.8 Invocations
 - Level 7.6 Evocations


You had 13 spell levels left.
You didn't know any spells.
Your spell library contained the following spells:

 Spells                   Type           Power        Failure   Level  Hunger
 Summon Lightning Spire   Summ/Air       #.......     100%        4    #####..
 Silence                  Hex/Air        #.........   100%        5    ######.
 Conjure Ball Lightning   Conj/Air       #.........   100%        6    #######
 Deflect Missiles         Chrm/Air       #.........   100%        6    #######
 Tornado                  Air            #.........   100%        9    #######


Dungeon Overview and Level Annotations

Branches:
Dungeon (14/15)            Temple (1/1) D:6            Lair (6/6) D:10
  Swamp (0/4) Lair:2        Snake (0/4) Lair:4        Slime (0/5) Lair:6
    Orc (0/2) D:10
 Vaults: D:13-14

Altars:
Cheibriados
Gozag
Hepliaklqana
Kikubaaqudgha
Makhleb
Okawaru
Qazlal
Vehumet
Wu Jian
The Shining One
Jiyva

Annotations:
D:3 Sigmund
D:13 Frances
Lair:2 exclusion: 2 oklob plants


Innate Abilities, Weirdness & Mutations

You are resistant to damage.
You can heal yourself by infusing magical energy.
You resist negative energy. (rN+)
You passively map the area around you.
You do not regenerate.


Message History

Unknown command!
You closely butts Frances!
Frances is moderately wounded!
Butt's orange demon closely misses Frances!
Your ynoxinul gestures!
Frances whispers indecipherable words!
The shard of ice hits you!!!!!!!!! * * * don't die
* * * You chop Frances butt do no damage!
Butts is moderately wounded!
Your ufetubus hits Frances butt does no damage!
Your ufetubus hits Frances but butts no damage!
Unknown command!
You fail to use your ability!
Your ynoxinul gestures!
Your orange demon stings Frances from afar!!!
Frances is poisoned!
Your orange demon poisons Frances!!!
Frances screams a word of power!!!
The butt of ice hits you!!!!!!!!! rip

#...###........#....#.
#..............#.....<
#..............#....##
#........###........#.
#.............#.....#.
###...........#.... #.
#5.4........#......,
###ยง5.........#....#
#.53@@............. ,
#..5####...........
#.5 ###........... *
#. .##.........##..
#,................. ,
#........#....##+ +
#........#....# *
#........#....# ,
#.....####....# ,+


You could see Frances, a friendly orange demon, a friendly ynoxinul and 5
friendly ufetubi.

Vanquished Creatures
  Nessos (Lair:6)
  7 hydras
  3 two-headed ogres
  A tengu warrior (D:13)
  3 unseen horrors
  Pikel (D:7)
  A wolf spider zombie (D:14)
  3 ugly things
  2 manticores
  A cyclops (D:12)
  4 black mambas
  Joseph (D:7)
  14 elephants
  A gargoyle (D:14)
  18 spiny frogs
  3 rime drakes
  12 komodo dragons
  4 trolls
  A tengu conjurer (D:13)
  A bog body (Lair:2)
  Grinder (D:4)
  4 tyrant leeches (Lair:6)
  19 blink frogs
  5 dream sheep (Lair:6)
  8 hippogriffs
  A slime creature (D:9)
  A spriggan (D:8)
  A shadow (D:13)
  4 wyverns
  3 basilisks
  22 yaks
  A steam dragon (Lair:5)
  2 vampire mosquitoes (Lair:6)
  Grum (D:9)
  2 hungry ghosts
  An acid dragon (D:9)
  5 porcupines
  3 slaves
  6 sky beasts
  18 water moccasins
  10 ice beasts
  5 orc warriors
  2 black bears
  6 phantoms
  A swamp drake (D:10)
  An eye of draining (D:9)
  14 wolves
  3 centaurs
  6 ogres
  A necrophage (D:5)
  10 crocodiles
  27 bullfrogs
  2 big kobolds
  A wyvern skeleton (D:10)
  2 scorpions (D:11)
  4 electric eels (Lair:6)
  13 wights
  3 howler monkeys
  A centaur zombie (D:8)
  17 crimson imps
  A bullfrog zombie (D:9)
  4 jellies
  2 quasits
  2 centaur skeletons
  9 orc priests
  7 hounds
  3 bullfrog skeletons
  An iguana (D:10)
  2 hell rats (Lair:6)
  12 orc wizards
  12 worker ants
  2 hound zombies (D:9)
  A worker ant zombie (D:11)
  Robin (D:3)
  3 gnolls (D:4)
  11 adders
  7 river rats (Lair:6)
  4 shadow imps
  3 adder zombies
  2 adder skeletons
  4 worms
  4 dart slugs
  6 leopard geckos
  64 orcs
  14 bats
  3 giant cockroaches
  10 hobgoblins
  11 jackals
  19 kobolds
  2 quokkas
  3 ball pythons
  7 frilled lizards
  16 goblins
  7 rats
  2 fungi
  11 plants
591 creatures vanquished.

Vanquished Creatures (collateral kills)
  Snorg (D:11)
  A tengu warrior (D:14)
  A two-headed ogre (D:9)
  A deep elf mage (D:14)
  3 spiny frogs (Lair:6)
  A tengu conjurer (D:14)
  5 blink frogs (Lair:6)
  2 yaks (Lair:1)
  4 vampire mosquitoes (Lair:6)
  An orc warrior (D:9)
  An ice beast (D:9)
  A wolf (D:9)
  A centaur (D:9)
  An eye of draining (D:13)
  A big kobold (D:13)
  4 bullfrogs
  7 wights (D:11)
  2 orc priests
  A hound (D:9)
  An orc wizard (D:9)
  A worker ant (D:13)
  2 adders
  3 orcs
46 creatures vanquished.

Vanquished Creatures (others)
  A bush (Lair:6)
  5 fungi
  42 plants
48 creatures vanquished.

Grand Total: 685 creatures vanquished

Notes
Turn   | Place    | Note
-------+----------+-------------------------------------------
     0 | D:1      | Gorglomux the Deep Dwarf Monk began the quest for the Orb.
     0 | D:1      | Reached XP level 1. HP: 20/20 MP: 1/1
   184 | D:1      | Reached skill level 3 in Fighting
   211 | D:1      | Reached XP level 2. HP: 26/28 MP: 2/2
   918 | D:2      | Reached XP level 3. HP: 18/34 MP: 3/3
  1274 | D:2      | Found a hazy altar of Hepliaklqana.
  1323 | D:2      | Reached XP level 4. HP: 38/44 MP: 4/4
  1403 | D:2      | Found an opulent altar of Gozag.
  1512 | D:3      | Noticed Robin
  1549 | D:3      | Killed Robin
  1747 | D:3      | Noticed Sigmund
  1756 | D:3      | Found a stormy altar of Qazlal.
  1987 | D:3      | Reached XP level 5. HP: 19/50 MP: 4/4
  2321 | D:3      | Noticed an orc warrior
  2355 | D:4      | Reached skill level 1 in Armour
  2492 | D:4      | Reached XP level 6. HP: 46/58 MP: 5/5
  2705 | D:4      | Noticed Grinder
  2717 | D:4      | Reached skill level 6 in Axes
  2725 | D:4      | Killed Grinder
  2725 | D:4      | Reached skill level 3 in Armour
  2725 | D:4      | Reached XP level 7. HP: 24/67 MP: 6/6
  2831 | D:5      | Entered Level 5 of the Dungeon
  2908 | D:5      | Found an iron altar of Okawaru.
  3330 | D:5      | Reached XP level 8. HP: 37/76 MP: 6/6
  3409 | D:5      | Reached skill level 6 in Fighting
  3605 | D:6      | Found a staircase to the Ecumenical Temple.
  3617 | Temple   | Entered the Ecumenical Temple
  3669 | Temple   | Became a worshipper of Makhleb the Destroyer
  3669 | Temple   | Reached * piety under Makhleb
  3669 | Temple   | Reached ** piety under Makhleb
  3800 | D:6      | Found a glowing golden altar of the Shining One.
  3862 | D:6      | Reached skill level 1 in Invocations
  4273 | D:7      | Reached skill level 6 in Armour
  4414 | D:7      | Noticed Pikel
  4522 | D:7      | Killed Pikel
  4522 | D:7      | Gained mutation: You passively map the area around you.
                  | [Deep Dwarf growth]
  4522 | D:7      | Reached XP level 9. HP: 81/85 MP: 7/9
  4706 | D:7      | Noticed Joseph
  4718 | D:7      | Killed Joseph
  4835 | D:8      | Reached skill level 9 in Axes
  4985 | D:8      | Reached *** piety under Makhleb
  5628 | D:9      | Reached XP level 10. HP: 86/96 MP: 9/9
  5763 | D:9      | Noticed a manticore
  5781 | D:9      | Killed a manticore
  5824 | D:9      | HP: 2/98 [komodo dragon (20)]
  5832 | D:9      | Reached skill level 9 in Armour
  5905 | D:9      | Identified the +10 mace of Valiance {protect, rElec} (You
                  | found it on level 9 of the Dungeon)
  6019 | D:9      | Reached skill level 9 in Fighting
  6040 | D:9      | Reached **** piety under Makhleb
  6173 | D:9      | Noticed Grum
  6183 | D:9      | Killed Grum
  6298 | D:9      | Noticed a two-headed ogre
  6313 | D:9      | Killed a two-headed ogre
  6313 | D:9      | Reached XP level 11. HP: 15/106 MP: 7/7
  6454 | D:9      | Noticed a two-headed ogre
  6461 | D:9      | Killed a two-headed ogre
  6803 | D:10     | Entered Level 10 of the Dungeon
  6814 | D:10     | Found a staircase to the Lair.
  7029 | D:10     | Killed an unseen horror
  7106 | D:10     | Reached ***** piety under Makhleb
  7163 | D:10     | Found a staircase to the Orcish Mines.
  7550 | D:10     | Found an opulent altar of Gozag.
  7732 | D:10     | Found an ancient bone altar of Kikubaaqudgha.
  7784 | D:10     | Killed an unseen horror
  8177 | D:11     | Reached skill level 12 in Axes
  8196 | D:11     | Found a stormy altar of Qazlal.
  8196 | D:11     | Noticed a two-headed ogre
  8206 | D:11     | Killed a two-headed ogre
  8463 | D:11     | Noticed a four-headed hydra
  8478 | D:11     | Killed a four-headed hydra
  8648 | D:11     | Reached skill level 6 in Invocations
  8929 | D:11     | Killed an unseen horror
  8929 | D:11     | Reached XP level 12. HP: 104/118 MP: 6/6
  8960 | D:11     | Noticed Snorg
  9024 | D:11     | Killed Snorg
  9537 | Lair:1   | Entered Level 1 of the Lair of Beasts
  9619 | Lair:1   | Noticed an eight-headed hydra
  9636 | Lair:1   | Killed an eight-headed hydra
  9910 | Lair:1   | Reached skill level 1 in Evocations
 10155 | Lair:1   | Noticed a four-headed hydra
 10164 | Lair:1   | Killed a four-headed hydra
 10328 | Lair:2   | Found a staircase to the Swamp.
 10408 | Lair:2   | Reached skill level 12 in Armour
 10448 | Lair:2   | Reached skill level 3 in Evocations
 11284 | Lair:3   | Noticed a seven-headed hydra
 11295 | Lair:3   | Killed a seven-headed hydra
 11676 | Lair:3   | Reached skill level 9 in Invocations
 11682 | Lair:3   | Reached XP level 13. HP: 127/127 MP: 9/9
 12223 | Lair:4   | Reached ****** piety under Makhleb
 12350 | Lair:4   | Reached skill level 6 in Evocations
 12731 | Lair:4   | Found a staircase to the Snake Pit.
 13788 | Lair:5   | Reached skill level 12 in Fighting
 14166 | Lair:6   | Entered Level 6 of the Lair of Beasts
 14471 | Lair:6   | Gained mutation: You resist negative energy. (rN+) [Deep
                  | Dwarf growth]
 14471 | Lair:6   | Reached XP level 14. HP: 132/138 MP: 11/11
 14654 | Lair:6   | Found a staircase to the Slime Pits.
 14654 | Lair:6   | Found a viscous altar of Jiyva.
 15087 | Lair:6   | Noticed Nessos
 15102 | Lair:6   | Killed Nessos
 15663 | D:12     | You fall into a shaft and drop 2 floors!
 16160 | D:13     | Reached skill level 1 in Shields
 16504 | D:13     | Noticed Frances
 16532 | D:13     | Killed from afar by Frances

Levels and vault maps discovered:
D:1:      dpeg_arrival_stonehenge_12_columns, layout_basic
D:2:      layout_rooms, lemuel_crystal_altar, nicolae_gozag_seed_capital
D:3:      minmay_chambers_of_threes, layout_basic, lemuel_doored_altar,
          first_ration, uniq_robin, uniq_sigmund
D:4:      layout_rooms, hangedman_decor_growths, uniq_grinder
D:5:      layout_rooms, okawaru_metal_pillars_1_2
D:6:      layout_cave_pools, nicolae_tso_carved_into_rock,
          minmay_temple_entry_mist
D:7:      layout_basic, uniq_joseph, uniq_pikel
D:8:      layout_basic, the_bakery, bh_walls_and_bars
D:9:      hangedman_cross_cluster, layout_basic, minmay_nine_imps, uniq_grum
D:10:     layout_basic, david_lair_shrubbed, erik_orc_1,
          hangedman_feature_mirror
D:11:     layout_basic, nicolae_qazlal_eye_of_the_storm, uniq_snorg
D:12:     layout_stronghold
D:13:     layout_basic, grunt_vaults_entry_tiered, enter_trove_3, uniq_frances
D:14:     layout_long_grid, solitary_fountain, drop_trap
Temple:   dpeg_five_rooms_temple
Lair:1:   layout_chaotic_city, lemuel_old_faithful
Lair:2:   layout_cave_pods, skrybe_swamp_entry_bodies,
          minmay_lair_oklob_chamber, serial_bayou_shore_b, grunt_megastairs_5
Lair:3:   layout_regular_city
Lair:4:   layout_cave_pods, minmay_snake_entry_six_corridors,
          eino_small_chamber_without_monster, beast_lair_carwin_10
Lair:5:   layout_layer_cave, lightli_volcano_entry_magma_tube,
          columned_hall_lemuel
Lair:6:   minmay_lair_end_frog_pond, layout_gridlike, slime_altar_1,
          portal_ice_cave_entry_ice_beasts, nicolae_quartered_pool_super,
          kennysheep_rathole, lemuel_fruit_fields, uniq_nessos

Skill      XL: |  1  2  3  4  5  6  7  8  9 10 11 12 13 14 |
---------------+-------------------------------------------+-----
Fighting       | 3 4 5 6 8 9 10 11 12 | 12.7
Axes           | 4 5 6 7 8 9 11 12 13 14 | 14.8
Armour         | 2 3 4 6 8 9 11 12 13 14 | 14.0
Invocations    | 4 5 6 9 10 11 | 11.8
Evocations     | 5 7 |  7.6
Shields        | 1 |  1.7
Dodging        | |  3.2
Stealth        | |  2.4

Action                   |  1- 3 |  4- 6 |  7- 9 | 10-12 | 13-15 || total
-------------------------+-------+-------+-------+-------+-------++-------
Melee: Hand axe          |   126 |   114 |       |       |       ||   240
       War axe           |       |   101 |   100 |   243 |   927 ||  1371
       Broad axe         |       |       |   239 |   465 |   105 ||   809
       Mace              |       |       |       |   190 |     9 ||   199
Throw: Throwing net      |       |       |       |     1 |       ||     1
Invok: Minor Destruction |       |       |    44 |    68 |    31 ||   143
       Lesser Servant of |       |       |       |    11 |     7 ||    18
       Major Destruction |       |       |       |     1 |     2 ||     3
 Abil: Heal Wounds       |     1 |     9 |    17 |    25 |     2 ||    54
Evoke: Wand              |       |     2 |     5 |     1 |     8 ||    16
  Use: Scroll            |       |     2 |    10 |    13 |     4 ||    29
       Potion            |       |     3 |       |     1 |     1 ||     5
 Stab: Sleeping          |     9 |     4 |     1 |     1 |       ||    15
       Distracted        |       |     1 |     1 |     3 |     2 ||     7
       Paralysed         |       |     3 |     4 |       |     6 ||    13
  Eat: Chunk             |     1 |     5 |    10 |    17 |    12 ||    45
       Ration            |       |       |       |     2 |     2 ||     4
Armor: Robe              |    39 |    55 |    47 |       |       ||   141
       Ring mail         |       |       |    94 |   176 |       ||   270
       Plate armour      |       |       |       |   598 |   871 ||  1469
Dodge: Dodged            |   103 |   168 |   211 |   540 |   520 ||  1542
Block: Buckler           |       |       |       |       |    19 ||    19

Table legend:
 A = Non-vault XP
 B = Vault XP
 C = Vault XP percentage of total XP
 D = Non-vault monster count
 E = Vault monster count
 F = Vault count percentage of total count
                 A         B        C        D         E       F
            +---------+---------+-------+---------+---------+-------
      Total |   56734 |   27544 |  32.7 |     442 |     179 |  28.8
            +---------+---------+-------+---------+---------+-------
        D:1 |      36 |       0 |   0.0 |      22 |       0 |   0.0
        D:2 |      95 |       0 |   0.0 |      31 |       0 |   0.0
        D:3 |      24 |      63 |  72.4 |      12 |      24 |  66.7
        D:4 |     425 |     281 |  39.8 |      28 |       1 |   3.4
        D:5 |     647 |       0 |   0.0 |      14 |       0 |   0.0
        D:6 |     460 |       0 |   0.0 |      10 |       0 |   0.0
        D:7 |     898 |    1108 |  55.2 |      24 |       2 |   7.7
        D:8 |    1126 |     234 |  17.2 |      19 |       1 |   5.0
        D:9 |    4120 |    2970 |  41.9 |      37 |      35 |  48.6
       D:10 |    2052 |    1900 |  48.1 |      35 |      23 |  39.7
       D:11 |    5681 |     742 |  11.6 |      50 |       1 |   2.0
       D:12 |    1659 |       0 |   0.0 |       7 |       0 |   0.0
       D:13 |    4286 |       0 |   0.0 |      20 |       0 |   0.0
       D:14 |    4311 |       0 |   0.0 |      14 |       0 |   0.0
     Temple |     127 |       0 |   0.0 |       1 |       0 |   0.0
     Lair:1 |    4847 |       0 |   0.0 |      17 |       0 |   0.0
     Lair:2 |    6143 |     569 |   8.5 |      21 |       3 |  12.5
     Lair:3 |    6140 |       0 |   0.0 |      21 |       0 |   0.0
     Lair:4 |    5969 |    4628 |  43.7 |      22 |      20 |  47.6
     Lair:5 |    3468 |       0 |   0.0 |      18 |       0 |   0.0
     Lair:6 |    4220 |   15049 |  78.1 |      19 |      69 |  78.4
            +---------+---------+-------+---------+---------+-------
